 Dungeon Crawl Stone Soup version 0.31.0-12-g77e489cdc1 (webtiles) character file.

Game seed: 7373646626835947156

525 H0rd4k the Insei (level 7, -10/45 HPs)
             Began as an Octopode Artificer on Feb 27, 2024.
             Mangled by an ogre
             ... wielding a +0 giant club
              (24 damage)
             ... on level 5 of the Dungeon.
             The game lasted 00:05:43 (3392 turns).

H0rd4k the Insei (Octopode Artificer)               Turns: 3392, Time: 00:05:44

Health: -10/45     AC: -7    Str: 11    XL:     7   Next: 23%
Magic:  17/17      EV: 13    Int: 16    God:
Gold:   178        SH:  0    Dex: 12    Spells: 5/8 levels left

rFire   . .          .
                       - Unarmed
rCold   . . .        (no shield)
rNeg    . . .        p - +0 hat
rPois   .            r - amulet of the acrobat
rElec   .            B - ring of magical power
rCorr   .            (no ring)
SInv    .            (no ring)
Will    .....        (no ring)
Stlth   +++          (no ring)
HPRegen 0.27/turn    (no ring)
MPRegen 0.15/turn    (no ring)
                     (no ring)

%: acrobat
@: corroded
A: almost no armour, amphibious, 8 rings, camouflage 1, gelatinous body 1,
(nimble swimmer 1), tentacles
a: no special abilities


You were on level 5 of the Dungeon.
You visited 1 branch of the dungeon, and saw 5 of its levels.

You collected 178 gold pieces.

Inventory:

Missiles
 k - 4 atropa-tipped darts
 y - 2 poisoned darts
Armour
 p - a +0 hat (worn)
Magical Staves
 l - a staff of air
Jewellery
 r - an amulet of the acrobat (around mantle)
 B - a ring of magical power (left tentacle)
Talismans
 h - a maw talisman
 u - a blade talisman
 w - a maw talisman
 x - a serpent talisman
Wands
 b - a wand of flame (7) (quivered)
 c - a wand of charming (6)
 d - a wand of iceblast (5)
 t - a wand of mindburst (14)
Scrolls
 g - 3 scrolls of identify {unknown}
 i - a scroll of acquirement {unknown}
 j - a scroll of fear {unknown}
 m - 2 scrolls of teleportation {unknown}
 o - a scroll of poison {unknown}
 s - a scroll of revelation {unknown}
 A - a scroll of blinking {unknown}
Potions
 a - a potion of invisibility {unknown}
 e - a potion of berserk rage {unknown}
 f - a potion of attraction {unknown}
 n - a potion of lignification {unknown}
 q - a potion of haste {unknown}
 v - a potion of curing {unknown}
 z - a potion of mutation {unknown}


   Skills:
 + Level 2.3 Fighting
 - Level 2.3 Dodging
 - Level 1.3 Stealth
 + Level 6.0 Unarmed Combat
 * Level 1.0 Spellcasting
 * Level 1.1 Hexes
 - Level 3.2 Evocations
 * Level 2.0 Shapeshifting


You had 5 spell levels left.
You knew the following spells:

 Your Spells              Type           Power      Damage    Failure   Level
a - Confusing Touch       Hex            4%         N/A       41%         3

Your spell library contained the following spells:

 Spells                   Type           Power      Damage    Failure   Level
 Slow                     Hex            16%        N/A       14%         1
 Apportation              Tloc           0%         N/A       22%         1
 Jinxbite                 Hex            8%         N/A       22%         2
 Sigil of Binding         Hex            4%         N/A       41%         3
 Vampiric Draining        Necr           0%         2d6       56%         3
 Alistair's Intoxication  Alch           0%         N/A       99%         5


Dungeon Overview and Level Annotations

Branches:
Dungeon (5/15)
 Temple: D:4-7

Altars:
Elyvilon
Wu Jian

Shops:
D:1 [   D:4 (

Annotations:
D:1 1 exclusion
D:3 2 transporters, Doomgape's ghost, amateur GrFi
D:5 Edmund


Innate Abilities, Weirdness & Mutations

You cannot wear most types of armour.
You are amphibious.
You can wear up to eight rings at the same time.
Your skin changes colour to match your surroundings (Stealth+).
Your rubbery body absorbs attacks. (AC +1, EV +1)
((You are camouflaged when in or above water. (Stealth+)))
You have tentacles for arms and can constrict up to eight enemies at once.


Message History

The jelly is lightly wounded.
You hear the slow hiss of a very distant avalanche of sand.
The jelly hits you. The acid corrodes you!
You are splashed with acid!
You tentacle-slap the jelly. The acid corrodes you!
Your tentacles burn!
You squeeze the jelly.
The jelly is heavily wounded.
The jelly hits you.
You are splashed with acid!
* * * LOW HITPOINT WARNING * * *
Aiming: Charm
Press: ? - help, Shift-Dir - straight line, f - jelly
Aim: a jelly (heavily wounded, chance to affect: 66%)
The jelly struggles to resist.
The jackal barks!
The jelly jiggles.
The jelly misses you.
Aiming: Charm
Press: ? - help, Shift-Dir - straight line, f/p - jelly
Aim: a jelly (heavily wounded, chance to affect: 66%)
The jelly struggles to resist.
The jelly barely misses you.
Unknown command.
The jackal attacks as it pursues you! The jackal completely misses you.
Aiming: Charm
Press: ? - help, Shift-Dir - straight line, f/p - jelly
Aim: a jelly (heavily wounded, chance to affect: 66%)
The jackal is charmed.
The jelly hits your jackal.
Your jackal is splashed with acid.
The acid corrodes your jackal!
Your jackal dies!
Unknown command.
Aiming: Charm
Press: ? - help, Shift-Dir - straight line, f/p - jelly
Aim: a jelly (heavily wounded, chance to affect: 66%)
The ogre resists with significant effort.
Unknown command.
Aiming: Charm
Press: ? - help, Shift-Dir - straight line, f/p - jelly
Aim: a jelly (heavily wounded, chance to affect: 66%)
The ogre resists with significant effort.
The ogre hits you with a +0 giant club!!
Ouch! That really hurt!
You die...

. ... # ..
..###.###..## ..
#.#.....#... 8#
#.#.###.#.# ##
#.#..=..#.# ##.#
#.#.###.#.# #..#
#.#.....#.# #.#
#.###.###.######.##
#@OJ@............#
#####..##.######.#
#.###.# ####.# ...#
#.# #..... ##...
#.# #.##.# .... #.#
# #.# ......... #$#
...#.###.. ..# ###


You could see Edmund, an ogre and a jelly.

Vanquished Creatures
  2 ogres
  2 scorpions
  A howler monkey (D:5)
  A hound (D:4)
  A sleepcap (D:4)
  7 adders
  A dart slug (D:1)
  4 orcs (D:4)
  5 bats
  12 endoplasms
  5 giant cockroaches
  6 goblins
  13 hobgoblins
  6 kobolds
  2 quokkas
  7 ball pythons
  3 frilled lizards
  6 rats
84 creatures vanquished.

Vanquished Creatures (collateral kills)
  A hobgoblin (D:4)
1 creature vanquished.

Vanquished Creatures (others)
  A phantom (D:5)
  A jackal (D:5)
2 creatures vanquished.

Grand Total: 87 creatures vanquished

Notes
Turn   | Place    | Note
-------+----------+-------------------------------------------
     0 | D:1      | H0rd4k the Octopode Artificer began the quest for the Orb.
     0 | D:1      | Reached XP level 1. HP: 13/13 MP: 1/1
    48 | D:1      | Found Yghamote's Armour Shoppe.
    60 | D:1      | Reached skill level 1 in Unarmed Combat
    61 | D:1      | Reached XP level 2. HP: 18/18 MP: 2/2
   215 | D:1      | Reached skill level 2 in Unarmed Combat
   348 | D:1      | Reached XP level 3. HP: 16/23 MP: 3/3
   634 | D:2      | Reached skill level 3 in Unarmed Combat
   764 | D:2      | Reached XP level 4. HP: 28/28 MP: 4/4
  1608 | D:3      | Noticed Doomgape's ghost (amateur GrFi)
  1611 | D:3      | Noticed a scorpion
  1617 | D:3      | Found a transporter.
  1653 | D:3      | Killed a scorpion
  1654 | D:3      | Reached skill level 4 in Unarmed Combat
  1654 | D:3      | Reached XP level 5. HP: 34/34 MP: 5/5
  1662 | D:3      | Reached skill level 1 in Shapeshifting
  1847 | D:3      | Found a white marble altar of Elyvilon.
  1932 | D:3      | Found a transporter.
  2444 | D:4      | Reached XP level 6. HP: 5/39 MP: 6/6
  2766 | D:4      | Reached skill level 5 in Unarmed Combat
  2813 | D:4      | Found Atire's Antique Weapon Emporium.
  3197 | D:4      | Learned a level 3 spell: Confusing Touch
  3230 | D:5      | Entered Level 5 of the Dungeon
  3320 | D:5      | Reached XP level 7. HP: 36/45 MP: 8/8
  3323 | D:5      | Noticed Edmund
  3360 | D:5      | Reached skill level 6 in Unarmed Combat
  3360 | D:5      | Reached skill level 1 in Spellcasting
  3360 | D:5      | Reached skill level 1 in Hexes
  3370 | D:5      | Found an ornate altar of the Wu Jian Council.
  3392 | D:5      | Mangled by an ogre

Illustrated notes

Levels and vault maps discovered:
D:1:      dpeg_arrival_houses_and_road, layout_rooms, serial_shops, shop,
          serial_glass, glass_columns_c, glass_columns_a, due_unseen_surprise
D:2:      layout_basic
D:3:      layout_loops_ring, elyvilon_altar_4, gammafunk_ghost_stat_death
D:4:      layout_loops_ring, minmay_shop_grid_forest
D:5:      layout_loops_corners, nicolae_overflow_hidden_temple,
          lightli_ossuary_entry_decrepit_ruins, kennysheep_crisscross,
          st_stairs_14, minmay_checkerbox, uniq_edmund

Skill      XL: |  1  2  3  4  5  6  7 |
---------------+----------------------+-----
Unarmed Combat | 1 2 3 4 5 6 |  6.0
Shapeshifting  | 1 2 |  2.0
Fighting       | 2 |  2.3
Spellcasting   | 1 |  1.0
Hexes          | 1 |  1.1
Dodging        | |  2.3
Stealth        | |  1.3
Evocations     | |  3.2

Action                     |  1- 3 |  4- 6 |  7- 9 || total
---------------------------+-------+-------+-------++-------
  Melee: Unarmed           |    77 |   108 |    15 ||   200
         Constrict         |    17 |    23 |     3 ||    43
         Tentacles         |    12 |    24 |     4 ||    40
         Punch             |     1 |     6 |       ||     7
  Evoke: Wand              |       |    10 |     7 ||    17
   Stab: Sleeping          |     6 |    11 |       ||    17
 Armour: Skin              |    39 |    34 |     6 ||    79
  Dodge: Dodged            |    59 |    52 |    15 ||   126
         Form:             |       |     2 |       ||     2
         Blade             |       |     1 |       ||     1
         Maw               |       |     1 |       ||     1
